Map: Catallena LE (Void)

Players

SamuraiFunn - Winner!

  • Race: Protoss Protoss
  • Spawn Location: 9:00

A.I. 1 (Very Hard)

  • Race: Terran Terran
  • Spawn Location: 5:00

VOD

Have the link to the VOD?

Description

Time

  • Played on: Oct. 30, 2017, 10:18 p.m.
  • Length: 41:57
Show
View Real Time Build Order
Export as new Build Order

SamuraiFunn Protoss - Winner!

Build Orders:  

Get SALT Encoding   

  12  0:04  Probe (Chrono Boost)  
  13  0:15  Probe (Chrono Boost)  
  13  0:20  Pylon  
  14  0:25  Probe (Chrono Boost)  
  15  0:38  Probe (Chrono Boost)  
  15  0:40  Gateway  
  16  0:48  Probe (Chrono Boost)  
  17  0:56  Assimilator  
  17  0:59  Probe (Chrono Boost)  
  18  1:08  Gateway  
  18  1:13  Probe (Chrono Boost)  
  19  1:30  Zealot  
  19  1:32  Pylon  
  21  1:36  Probe (Chrono Boost)  
  22  1:46  Probe (Chrono Boost)  
  23  1:51  Cybernetics Core  
  23  1:59  Probe (Chrono Boost)  
  23  2:01  Assimilator  
  24  2:05  Zealot x2  
  28  2:09  Probe (Chrono Boost)  
  29  2:20  Probe (Chrono Boost)  
  30  2:30  Probe (Chrono Boost)  
  31  2:46  Nexus  
  31  2:55  Pylon  
  31  3:13  Zealot  
  33  3:21  Assimilator  
  33  3:26  Pylon  
  33  3:27  Zealot  
  35  3:35  Twilight Council  
  35  3:45  Probe (Chrono Boost)  
  36  3:49  Zealot  
  36  3:55  Sentry  
  40  3:57  Assimilator  
  40  4:07  Pylon  
  40  4:11  Gateway, Probe x2 (Chrono Boost)  
  40  4:14  Pylon  
  42  4:32  Pylon  
  42  4:40  Probe x2 (Chrono Boost)  
  44  4:46  Zealot x2  
  44  4:50  Stargate  
  44  4:51  Stargate  
  48  4:58  Probe x2 (Chrono Boost)  
  50  5:06  Zealot  
  52  5:08  Probe x2 (Chrono Boost)  
  54  5:15  Zealot x2  
  58  5:24  Forge  
  58  5:30  Charge  
  58  5:41  Void Ray  
  62  5:50  Void Ray  
  62  5:55  Probe (Chrono Boost)  
  68  5:57  Probe (Chrono Boost)  
  68  6:01  Zealot  
  70  6:12  Protoss Ground Weapons Level 1  
  70  6:19  Zealot  
  70  6:20  Zealot  
  74  6:26  Void Ray  
  78  6:49  Void Ray  
  78  6:54  Probe x2 (Chrono Boost)  
  84  6:57  Zealot  
  86  7:02  Pylon  
  86  7:04  Pylon  
  86  7:10  Pylon  
  86  7:20  Zealot  
  86  7:21  Probe x2 (Chrono Boost)  
  90  7:23  Protoss Air Weapons Level 1  
  90  7:29  Zealot x2  
  94  7:50  Nexus  
  94  7:57  Void Ray x2  
  102  8:06  Stargate  
  102  8:07  Protoss Ground Armor Level 1  
  102  8:10  Stargate  
  80  9:17  Zealot x3  
  72  9:32  Void Ray x3  
  72  9:33  Void Ray  
  72  9:38  Pylon  
  88  9:39  Pylon  
  88  9:41  Pylon  
  88  9:42  Probe x2 (Chrono Boost)  
  88  9:43  Probe (Chrono Boost)  
  88  9:44  Zealot x3  
  87  10:05  Protoss Shields Level 1  
  87  10:08  Protoss Air Armor Level 1  
  87  10:14  Zealot  
  87  10:15  Zealot x2  
  93  10:22  Gateway  
  93  10:35  Pylon  
  93  10:42  Gateway  
  93  10:43  Gateway  
  93  10:49  Zealot x3  
  99  10:59  Void Ray x3  
  111  11:07  Void Ray  
  115  11:16  Zealot  
  117  11:42  Void Ray x3  
  95  12:30  Void Ray x4  
  107  12:49  Zealot  
  107  12:50  Zealot x5  
  111  13:17  Zealot  
  113  13:25  Void Ray x3  
  113  13:26  Void Ray  
  129  13:27  Zealot x4  
  129  13:28  Zealot  
  139  14:17  Void Ray x2  
  147  15:52  Pylon  
  147  15:53  Pylon  
  147  15:54  Pylon  
  147  15:56  Pylon  
  147  16:10  Nexus, Void Ray x2  
  155  16:12  Assimilator  
  155  16:16  Assimilator  
Show
View Real Time Build Order
Export as new Build Order

A.I. 1 (Very Hard) Terran 

Build Orders: MMM Bio 

Get SALT Encoding   

  12  0:00  SCV  
  13  0:13  SCV  
  14  0:19  Supply Depot  
  14  0:25  SCV  
  15  0:29  Refinery  
  15  0:40  SCV  
  16  0:46  Barracks  
  16  0:52  SCV  
  17  1:05  SCV  
  18  1:17  SCV  
  19  1:34  Marine  
  19  1:35  Factory, Orbital Command  
  19  1:38  Supply Depot  
  20  1:52  Barracks  
  20  1:53  Marine  
  21  2:00  SCV  
  22  2:07  Refinery  
  22  2:11  Marine  
  22  2:13  SCV  
  24  2:20  Supply Depot  
  24  2:23  Factory Tech Lab  
  24  2:26  SCV  
  25  2:30  Marine  
  26  2:39  Marine  
  26  2:44  Siege Tank  
  30  2:46  SCV  
  30  2:50  Marine  
  32  2:57  Marine  
  33  3:00  SCV, Supply Depot  
  34  3:07  Marine  
  35  3:14  Marine  
  35  3:16  Siege Tank  
  39  3:21  SCV  
  39  3:25  Marine  
  41  3:30  Supply Depot  
  41  3:32  Marine  
  42  3:35  SCV  
  43  3:48  SCV  
  44  3:57  Command Center  
  44  3:59  Barracks Tech Lab  
  44  4:00  SCV  
  44  4:01  Barracks Tech Lab  
  45  4:11  Supply Depot  
  45  4:12  SCV  
  46  4:17  Marine  
  46  4:19  Marine  
  49  4:24  SCV  
  49  4:27  Stimpack  
  49  4:35  Marauder  
  49  4:38  Marauder  
  53  4:47  Barracks  
  53  4:55  Starport  
  53  4:56  Marine  
  53  4:59  Marauder  
  56  5:07  Supply Depot  
  56  5:12  SCV  
  57  5:15  Marauder  
  57  5:16  SCV  
  60  5:24  SCV, Marauder  
  63  5:28  SCV  
  63  5:32  Medivac  
  63  5:34  Barracks Reactor  
  66  5:36  Marauder  
  66  5:37  SCV  
  66  5:41  SCV  
  70  5:45  Marauder  
  70  5:49  SCV  
  73  5:55  SCV, Supply Depot  
  74  5:57  Marine  
  74  6:01  SCV  
  74  6:02  Medivac  
  74  6:03  Combat Shields  
  78  6:07  SCV, Marauder  
  78  6:08  Engineering Bay  
  81  6:13  SCV  
  81  6:15  Marine  
  83  6:19  SCV  
  83  6:22  Supply Depot  
  83  6:25  SCV  
  85  6:28  Marauder  
  85  6:30  Concussive Shells  
  85  6:31  SCV  
  88  6:33  Marauder  
  88  6:35  Terran Infantry Weapons Level 1  
  90  6:41  Refinery  
  90  6:46  Engineering Bay, Orbital Command  
  90  6:49  Marauder, Missile Turret  
  90  6:52  Supply Depot  
  92  6:56  Marauder  
  93  7:05  Command Center  
  93  7:10  SCV  
  93  7:12  SCV, Terran Infantry Armor Level 1  
  93  7:14  Marauder  
  97  7:18  Marauder  
  97  7:22  Supply Depot  
  99  7:26  Viking  
  101  7:42  Missile Turret  
  101  7:46  Supply Depot  
  101  7:53  Barracks  
  101  7:56  Viking  
  101  7:57  Marine  
  104  7:59  Marine  
  104  8:01  Marine  
  104  8:03  Marine  
  107  8:12  Missile Turret  
  107  8:16  Marauder  
  107  8:19  SCV  
  110  8:21  SCV  
  110  8:23  SCV  
  110  8:26  Starport Tech Lab  
  112  8:31  SCV  
  112  8:33  SCV  
  114  8:35  SCV  
  115  8:43  SCV, Missile Turret  
  115  8:44  Viking  
  115  8:45  SCV, Missile Turret  
  115  8:47  SCV  
  120  8:55  SCV  
  120  8:58  SCV  
  120  8:59  SCV, Supply Depot  
  120  9:04  Marauder  
  120  9:07  SCV, Marauder  
  120  9:08  Marine  
  102  9:10  SCV, Marine  
  102  9:11  Marine  
  102  9:12  Orbital Command  
  102  9:14  Viking  
  82  9:19  SCV  
  75  9:25  Marine  
  75  9:26  Marine  
  75  9:28  Marine, Marauder  
  75  9:29  Marine  
  81  9:38  Missile Turret  
  81  9:39  SCV  
  81  9:40  SCV  
  81  9:43  Marine, Marauder  
  81  9:44  Raven  
  83  9:46  Marine  
  83  9:47  Marine  
  83  9:50  Marauder  
  83  9:51  SCV  
  86  9:54  Missile Turret  
  86  10:01  Marine, Armory  
  86  10:03  Marine  
  86  10:05  Marine, Marauder  
  91  10:11  Marauder  
  91  10:14  Refinery  
  93  10:18  Missile Turret  
  93  10:19  Marine  
  93  10:21  Marine, Refinery  
  94  10:23  Marine  
  94  10:26  Marauder  
  94  10:27  Viking  
  100  10:32  Marauder  
  100  10:33  Refinery  
  102  10:36  SCV  
  102  10:37  SCV x2, Marine  
  102  10:39  Marine  
  102  10:40  Marine  
  108  10:47  Marauder  
  108  10:48  SCV  
  108  10:49  Terran Infantry Weapons Level 2  
  111  10:50  SCV x2  
  111  10:53  Marine  
  111  10:55  Marine  
  111  10:56  Factory  
  115  10:57  Raven  
  115  11:00  SCV  
  115  11:01  Starport, Hi-Sec Auto Tracking  
  115  11:04  Command Center  
  118  11:09  Marauder  
  118  11:11  Armory  
  120  11:12  Marauder  
  122  11:19  Supply Depot  
  122  11:30  Marauder  
  122  11:32  Ghost Academy  
  123  11:37  Siege Tank, Viking  
  128  11:40  Factory Tech Lab, Viking  
  130  11:50  Marine  
  130  11:51  Barracks  
  130  11:52  Marine  
  130  11:53  Marine, Supply Depot  
  130  11:54  Marine  
  133  11:55  Marine  
  133  11:58  Building Armor  
  133  11:59  Siege Tank  
  136  12:04  SCV  
  136  12:05  SCV  
  136  12:07  SCV  
  136  12:08  Starport Reactor, Marine  
  126  12:09  Cyclone  
  126  12:10  Ghost, Medivac  
  109  12:17  SCV x2  
  109  12:19  Marine x2  
  109  12:20  SCV  
  109  12:21  Marine  
  93  12:26  Marine  
  93  12:28  Refinery  
  93  12:29  SCV  
  77  12:30  SCV, Widow Mine  
  78  12:39  Marauder  
  78  12:40  Command Center  
  78  12:42  Siege Tank  
  78  12:44  Marine, Viking  
  81  12:45  Marine  
  81  12:46  Marine  
  81  12:47  Marine  
  81  12:49  Marine  
  63  12:55  SCV  
  63  12:57  SCV x2  
  60  13:00  Marauder  
  60  13:02  Marine  
  60  13:03  Marauder  
  60  13:04  Marine  
  60  13:06  Marine  
  60  13:07  SCV  
  60  13:09  SCV, Marine  
  60  13:19  SCV, Marine  
  46  13:20  SCV  
  46  13:22  SCV  
  46  13:24  Marine  
  46  13:25  Marauder  
  46  13:26  Marine  
  45  13:27  Marine  
  40  13:42  Marine  
  36  13:50  Marine  
  36  13:52  Marine  
  37  13:57  Command Center  
  37  13:58  SCV  
  37  13:59  SCV  
  39  14:10  SCV  
  39  14:11  Barracks Tech Lab, SCV  
  38  14:22  SCV  
  38  14:23  SCV  
  38  14:35  SCV  
  27  14:47  SCV  
  27  14:54  Barracks  
  27  14:56  Supply Depot  
  26  15:08  Supply Depot  
  26  15:23  Command Center  
  26  15:30  SCV  
  26  15:41  Command Center  
  26  15:42  SCV  
  27  15:43  Marine  
  28  15:53  Command Center  
  28  15:54  SCV, Supply Depot  
  29  16:02  Barracks Tech Lab  
  28  16:06  Orbital Command  
  25  16:20  Marine  
  14  16:31  SCV  
  4  16:38  Marine  
Tags
 
Composition
MMM Bio
Matchup
PvT
Replay Pack
First 100 games
Spawn Locations
Cross Positions
Add a new tag
Caveats
  • Supply blocks, unpowered buildings, or Contaminate may cause inaccurate times.
  • Supply counts are checked every 10 seconds.